 Dungeon Crawl Stone Soup version 0.30-a0-368-g86fb4627a9 (webtiles) character file.

Game seed: 1454746164819225614

192 greasedhog the Cleaver (level 5, -4/46 HPs)
             Began as a Draconian Fighter on Nov 19, 2022.
             Killed from afar by a steam dragon (8 damage)
             ... with a ball of steam
             ... on level 4 of the Dungeon.
             The game lasted 00:03:43 (2107 turns).

greasedhog the Cleaver (Draconian Fighter)          Turns: 2107, Time: 00:03:44

Health: -4/46      AC:  9    Str: 27    XL:     5   Next: 42%
Magic:  5/5        EV: 13    Int:  8    God:
Gold:   192        SH:  4    Dex: 10    Spells: 4/4 levels left

rFire   . . .      SeeInvis .    a - +0 war axe
rCold   . . .      Faith    .    b - +0 buckler
rNeg    . . .      Spirit   .    (body armour unavailable)
rPois   .          Reflect  .    (helmet restricted)
rElec   .          Harm     .    (no cloak)
rCorr   .          Rampage  .    (no gloves)
Will    .....                    (no boots)
Stlth   +.........               (no amulet)
HPRegen 0.27/turn                q - +6 ring of strength
MPRegen 0.09/turn                o - +4 ring of protection

@: no status effects
A: AC +5, unfitting armour, cold-blooded
a: no special abilities


You were on level 4 of the Dungeon.
You visited 1 branch of the dungeon, and saw 4 of its levels.

You collected 192 gold pieces.

Inventory:

Hand Weapons
 a - a +0 war axe (weapon)
Armour
 b - a +0 buckler (worn)
Jewellery
 g - a ring of positive energy
 o - a +4 ring of protection (right hand)
 q - a +6 ring of strength (left hand)
Scrolls
 f - a scroll of teleportation {unknown}
 l - a scroll of summoning {unknown}
 p - a scroll of silence {unknown}
 r - a scroll of vulnerability {unknown}
 s - a scroll of acquirement {unknown}
Potions
 c - 4 potions of might
 d - a potion of attraction
 e - 5 potions of curing
 h - a potion of degeneration {unknown}
 i - a potion of magic {unknown}
 j - 5 potions of heal wounds {unknown}
 k - a potion of brilliance
 m - 2 potions of lignification
 n - 3 potions of resistance {unknown}


   Skills:
 * Level 4.1 Fighting
 * Level 8.0 Axes
 - Level 5.7 Dodging
 * Level 3.2 Shields


You had 4 spell levels left.
You didn't know any spells.
Your spell library contained the following spells:

 Spells                   Type           Power      Damage    Failure   Level
 Summon Small Mammal      Summ           0%         N/A       50%         1
 Gell's Gravitas          Tloc           0%         N/A       86%         3
 Lesser Beckoning         Tloc           0%         N/A       86%         3
 Ozocubu's Armour         Ice            0%         N/A       86%         3
 Teleport Other           Tloc           0%         N/A       86%         3
 Metabolic Englaciation   Hex/Ice        0%         N/A       100%        5
 Simulacrum               Ice/Necr       0%         N/A       100%        6


Dungeon Overview and Level Annotations

Branches:
Dungeon (4/15)             Temple (0/1) D:4

Altars:


Innate Abilities, Weirdness & Mutations

Your plain brown scales are hard. (AC +5)
You cannot fit into any form of body armour.
You are cold-blooded and may be slowed by cold attacks.


Message History

The steam dragon barely misses you. The steam dragon claws you.
You closely miss the steam dragon. You tail-slap the steam dragon.
The steam dragon is severely wounded.
The steam dragon breathes steam at you. The ball of steam hits you!
* * * LOW HITPOINT WARNING * * *
You hear a shout!
You hear an angry growl.
You hear a shout!
You hit the steam dragon but do no damage.
You tail-slap the steam dragon, but do no damage.
The steam dragon is severely wounded.
You are engulfed in a cloud of scalding steam.
* * * LOW HITPOINT WARNING * * *
The steam dragon bites you.
* * * LOW HITPOINT WARNING * * *
The steam dragon barely misses you.
You feel better.
You are engulfed in a cloud of scalding steam.
You block the steam dragon's attack. The steam dragon claws you.
* * * LOW HITPOINT WARNING * * *
You closely miss the steam dragon.
The steam dragon is severely wounded.
You are engulfed in a cloud of scalding steam.
* * * LOW HITPOINT WARNING * * *
The steam dragon misses you. x2
The steam dragon bites you but does no damage.
You block the steam dragon's attack.
You closely miss the steam dragon.
The steam dragon is severely wounded.
The steam dragon bites you but does no damage.
The steam dragon completely misses you.
You hit the steam dragon but do no damage.
The steam dragon is severely wounded.
An orc comes into view. It is wielding a +0 war axe.
You block the steam dragon's attack.
The steam dragon claws you but does no damage.
You hit the steam dragon.
The steam dragon is severely wounded.
The steam dragon breathes steam at you. The ball of steam hits you!
You die...

.... .## ... ..###
!.# #..... ^..
..#..o. #.... .....
..... .# ####..#
##..... .#
...##).†D## ##.#....
.. .......@..###....#
.#
....#...#......####.#
.#
....#####§...........
.#.# ##...###
##.....##..# .#.#
#......# #.....# #
<#.#
#......########.##..#
.#.# #.........#
#.#..# .#.#
#......##.#####.#.#
.#.##
#......##.........#


You could see a steam dragon (catching breath) and an orc.

Vanquished Creatures
  2 iguanas (D:4)
  3 adders
  3 dart slugs
  2 worms (D:2)
  6 orcs
  8 ball pythons
  3 bats
  9 endoplasms
  2 giant cockroaches
  3 goblins
  6 hobgoblins
  A jackal (D:1)
  4 kobolds (D:2)
  A quokka (D:3)
  4 frilled lizards
  7 rats
64 creatures vanquished.

Vanquished Creatures (others)
  A hobgoblin (D:4)
1 creature vanquished.

Grand Total: 65 creatures vanquished

Notes
Turn   | Place    | Note
-------+----------+-------------------------------------------
     0 | D:1      | greasedhog the Draconian Fighter began the quest for the
                  | Orb.
     0 | D:1      | Reached XP level 1. HP: 19/19 MP: 1/1
   118 | D:1      | Reached XP level 2. HP: 25/26 MP: 2/2
   337 | D:1      | Found a faded altar of an unknown god.
   350 | D:1      | Got Plato's Directory of Mustering
   477 | D:1      | Reached skill level 7 in Axes
   477 | D:1      | Reached skill level 5 in Dodging
   477 | D:1      | Reached XP level 3. HP: 33/33 MP: 3/3
   971 | D:2      | Reached XP level 4. HP: 32/40 MP: 4/4
  1908 | D:4      | Reached skill level 8 in Axes
  1908 | D:4      | Reached XP level 5. HP: 27/46 MP: 5/5
  2090 | D:4      | Found a staircase to the Ecumenical Temple.
  2090 | D:4      | Noticed a steam dragon
  2107 | D:4      | Killed from afar by a steam dragon

Illustrated notes

Levels and vault maps discovered:
D:1:      roderic_crop_circles_arrival_small, layout_basic,
          shapermc_ecumenical_altar_rom_forum, minmay_misc_feat_rows,
          minmay_pentomino_w4
D:2:      layout_basic, minmay_vboxes
D:3:      layout_rooms, hex_intersection
D:4:      layout_basic, minmay_temple_entry_wispy, minmay_diced_spiral

Skill      XL: |  1  2  3  4 |
---------------+-------------+-----
Dodging        | 5 |  5.7
Axes           | 7 8 |  8.0
Fighting       | 4 |  4.1
Shields        | |  3.2

Action                   |  1- 3 |  4- 6 || total
-------------------------+-------+-------++-------
Melee: War axe           |    64 |   105 ||   169
       Tailslap          |     5 |     8 ||    13
  Use: Scroll            |     2 |     3 ||     5
       Potion            |     1 |     1 ||     2
 Stab: Distracted        |     1 |       ||     1
Armor: Skin              |    27 |    43 ||    70
Dodge: Dodged            |    37 |    67 ||   104
Block: Buckler           |    14 |    19 ||    33

Table legend: (Time is in decaauts)
 A = Elapsed time spent in this place.
 B = Non-inter-level travel time spent in this place.
 C = Inter-level travel time spent in this place.
 D = Time resting spent in this place.
 E = Time spent auto-exploring this place.
 F = Levels seen in this place.
 G = Mean time per level.
                   A        B        C        D        E       F      G
               +--------+--------+--------+--------+--------+-----+--------+
         Total |   2142 |   2030 |    112 |      0 |   1619 |   4 |  535.5 |
       Dungeon |   2142 |   2030 |    112 |      0 |   1619 |   4 |  535.5 |
               +--------+--------+--------+--------+--------+-----+--------+

Top non-repeatable levels by time:
     D:1: 774 daAuts
     D:2: 575 daAuts
     D:3: 560 daAuts
     D:4: 232 daAuts
